 Dungeon Crawl Stone Soup version 0.18.1-50-g88ac8fd (webtiles) character file.

1347 ololoev the Thaumaturge (level 8, -1/41 HPs)
             Began as a Deep Elf Earth Elementalist on Dec 5, 2016.
             Was a Believer of Vehumet.
             Slain by a wyvern (15 damage)
             ... on level 8 of the Dungeon.
             The game lasted 00:20:57 (2149 turns).

ololoev the Thaumaturge (DEEE)                      Turns: 2149, Time: 00:20:58

Health: -1/41      AC:  4    Str:  5    XL:     8   Next: 36%
Magic:  14/32      EV: 12    Int: 23    God:    Vehumet [**....]
Gold:   178        SH:  0    Dex: 15    Spells: 6 memorised, 9 levels left

rFire  + . .     SeeInvis +     b - 63 stones
rCold  x . .     Gourm    .     v - +1 leather armour of Pimidem {+Blink rN+ MP+9 SInv} (curse)
rNeg   + . .     Faith    .     (no shield)
rPois  .         Spirit   .     (no helmet)
rElec  .         Dismiss  .     (no cloak)
rCorr  .         Reflect  .     (no gloves)
SustAt .         Harm     .     (no boots)
MR     .....                    (no amulet)
Stlth  ++........               (no ring)
                                n - ring of fire

@: slowed, very slow, not resistant to hostile enchantments, unstealthy
A: no striking features
a: Renounce Religion, Evoke Blink

Inventory:

Hand Weapons
 a - a +0 short sword of venom
Missiles
 b - 63 stones (in hand)
 g - 2 throwing nets (quivered)
Armour
 v - the cursed +1 leather armour of Pimidem (worn) {+Blink rN+ MP+9 SInv}
   (You found it on level 4 of the Dungeon)

   It protects you from negative energy.
   It affects your magic capacity (+9).
   It lets you see invisible.
   It lets you blink.
   It has a curse placed upon it.
Jewellery
 i - an uncursed ring of ice
 n - a ring of fire (left hand)
Wands
 r - a wand of slowing (41/48)
 C - a wand of flame (32/48)
Scrolls
 e - 3 scrolls of remove curse {unknown}
 f - 2 scrolls of magic mapping {unknown}
 j - a scroll of recharging {unknown}
 l - a scroll of noise {unknown}
 o - a scroll of blinking {unknown}
 p - a scroll of immolation {unknown}
 q - a scroll of silence {unknown}
 s - 5 scrolls of identify {unknown}
 t - 2 scrolls of fog {unknown}
 y - 2 scrolls of teleportation {unknown}
Potions
 d - 3 potions of flight {unknown}
 w - 3 potions of degeneration {unknown}
 x - 2 potions of might {unknown}
 z - a potion of beneficial mutation {unknown}
 A - a potion of brilliance {unknown}
 E - 2 potions of curing {unknown}
Books
 c - a book of Geomancy

   Spells                             Type                      Level
   a - Sandblast                      Earth                        1
   b - Passwall                       Transmutation/Earth          2
   c - Stone Arrow                    Conjuration/Earth            3
   d - Petrify                        Transmutation/Earth          4
   e - Lee's Rapid Deconstruction     Earth                        5
Comestibles
 h - 2 beef jerkies
 k - 3 slices of pizza
 m - 6 fruits
 B - 6 chunks of flesh
 D - a meat ration


   Skills:
 - Level 3.0 Armour
 - Level 2.4 Dodging
 - Level 2.4 Stealth
 * Level 9.6 Spellcasting
 + Level 4.0 Conjurations
 - Level 1.1 Transmutations
 * Level 1.9 Fire Magic
 - Level 5.8 Earth Magic


You had 9 spell levels left.
You knew the following spells:

 Your Spells              Type           Power        Failure   Level  Hunger
a - Sandblast             Erth           #####.       1%          1    None
b - Stone Arrow           Conj/Erth      ####..       4%          3    None
c - Lee's Rapid Deconstr  Erth           #####.....   28%         5    ####...
d - Petrify               Trmt/Erth      ####....     28%         4    ##.....
e - Throw Flame           Conj/Fire      #####.       6%          2    None
w - Passwall              Trmt/Erth      ####......   4%          2    None


You were on level 8 of the Dungeon.
You worshipped Vehumet.
Vehumet was pleased with you.
You were not hungry.

You visited 2 branches of the dungeon, and saw 9 of its levels.
You also visited: Ossuary.

You collected 178 gold pieces.

.. #. #. #. #. #.
####
.#####)######....#
......K@l..<....#
.#####.######.###
#. # #. #. #. #.
..

Notes
Turn   | Place    | Note
--------------------------------------------------------------
     0 | D:1      | ololoev the Deep Elf Earth Elementalist began the quest for the Orb.
     0 | D:1      | Reached XP level 1. HP: 10/10 MP: 6/6
   185 | D:2      | Reached XP level 2. HP: 15/15 MP: 3/8
   207 | D:2      | Reached skill level 4 in Spellcasting
   208 | D:2      | Reached XP level 3. HP: 8/19 MP: 1/11
   358 | D:2      | Found a burning altar of Makhleb.
   380 | D:2      | Reached skill level 5 in Spellcasting
   527 | D:3      | bear: ky
   535 | D:3      | ololoev: hi bear
   535 | D:3      | ololoev: ti russain emnip?
   535 | D:3      | Reached XP level 4. HP: 24/24 MP: 7/13
   539 | D:3      | Learned a level 2 spell: Passwall
   544 | D:3      | Learned a level 3 spell: Stone Arrow
   548 | D:3      | bear: wo takoe emnip?
   551 | D:3      | ololoev: esli mne ne izmenyaet pamyat
   568 | D:4      | Got an ancient leather armour
   579 | D:4      | Identified the cursed +1 leather armour of Pimidem {+Blink rN+ MP+9 SInv} (You found it on level 4 of the Dungeon)
   585 | D:4      | bear: хз что такое емнип )
   585 | D:4      | ololoev: emnip = esli mne ne izmenyaet pamyat
   585 | D:4      | bear: фигасе
   622 | D:3      | bear: эт будет покруче чем хз или имхо
   622 | D:3      | Found a deep blue altar of Sif Muna.
   624 | D:3      | ololoev: a to!
   626 | D:3      | Found a glowing silver altar of Zin.
   628 | D:3      | ololoev: gde moi veh, pediki?
   655 | D:4      | bear: budu inogda poglyadivat` kak u tebya tut espehi
   670 | D:3      | bear: poidy svoego orca dovedu do wina
   670 | D:3      | ololoev: segodnya uspehi hrenovo pochemu-to
   794 | D:4      | Found a staircase to the Ecumenical Temple.
   805 | D:4      | Got a brightly glowing blowgun
   809 | D:4      | Identified the +3 blowgun "Pendulum" {speed, Fragile +Blink rC++} (You found it on level 4 of the Dungeon)
   811 | Temple   | Entered the Ecumenical Temple
   812 | Temple   | ololoev: чуваки попадают на арты с fragile
   829 | Temple   | Became a worshipper of Vehumet
   907 | D:5      | Entered Level 5 of the Dungeon
   932 | D:5      | Noticed a phantom
   945 | D:5      | Killed a phantom
   945 | D:5      | Reached skill level 1 in Armour
   945 | D:5      | Reached skill level 6 in Spellcasting
   945 | D:5      | Reached XP level 5. HP: 6/28 MP: 14/15
  1074 | D:5      | Noticed an ogre
  1083 | D:5      | Killed an ogre
  1083 | D:5      | Reached XP level 6. HP: 22/32 MP: 17/17
  1115 | D:5      | Learned a level 5 spell: Lee's Rapid Deconstruction
  1122 | D:5      | Learned a level 4 spell: Petrify
  1147 | D:5      | Found a sand-covered staircase.
  1152 | Ossuary  | Entered an ossuary
  1183 | Ossuary  | Reached skill level 7 in Spellcasting
  1232 | Ossuary  | Reached skill level 1 in Conjurations
  1232 | Ossuary  | Reached skill level 5 in Earth Magic
  1255 | Ossuary  | bear: у меня аквайремент
  1256 | Ossuary  | bear: как считаешь что заказать?
  1263 | Ossuary  | Reached * piety under Vehumet
  1263 | Ossuary  | Offered knowledge of Magic Dart by Vehumet.
  1323 | Ossuary  | Reached XP level 7. HP: 11/36 MP: 20/20
  1550 | Ossuary  | Reached skill level 8 in Spellcasting
  1618 | D:5      | Noticed Menkaure
  1628 | D:5      | Killed Menkaure
  1732 | D:6      | Reached skill level 9 in Spellcasting
  1732 | D:6      | jacquesderrida: it me
  1732 | D:6      | Reached XP level 8. HP: 31/41 MP: 23/23
  1733 | D:6      | ololoev: hi jakk
  1733 | D:6      | jacquesderrida: hi.......
  1733 | D:6      | ReniFell: ??throw flame
  1791 | D:7      | bear: напомни плиз какой кнопкой осмативать все что лежит рядом
  1792 | D:7      | jacquesderrida: Beem's my beach
  1804 | D:7      | jacquesderrida: ctrl+x
  1807 | D:7      | ololoev: sps jakk
  1818 | D:7      | jacquesderrida: it me
  1894 | D:7      | bear: sps
  1896 | D:7      | ReniFell: ??iron shot
  1899 | D:7      | ololoev: no reni, no
  1919 | D:6      | Reached ** piety under Vehumet
  1922 | D:6      | Offered knowledge of Throw Flame by Vehumet.
  1929 | D:6      | Learned a level 2 spell: Throw Flame
  1951 | D:6      | ReniFell: 9d19
  1953 | D:6      | ReniFell: ??????????????????
  1963 | D:6      | ReniFell: pzdc
  1969 | D:6      | ReniFell: nahui ogon'
  1969 | D:6      | ReniFell: kak ty voobwe viigrivaesh imi
  1969 | D:6      | ReniFell: vsyakiye fd na d9 letayut
  1969 | D:6      | jacquesderrida: Фаербол ннада
  1969 | D:6      | jacquesderrida: ЗАебешься ману регенерировать после всех промахов
  1969 | D:6      | ReniFell: da nahui faerbol esli blyad' vragov tolpi i ne mojesh ebanut' vseh im
  1969 | D:6      | jacquesderrida: Если опыта мало, то лучше огонь
  1969 | D:6      | ReniFell: a kak drakonov ubivat' na d9 menya ne uchili...
  1969 | D:6      | ololoev: nikak, skipai
  2040 | D:6      | ReniFell: kuda skipat'? v lair zashel - vyebli, orki - vyebli
  2051 | D:7      | ReniFell: d10 - vyebli
  2051 | D:7      | ololoev: ^qyes
  2084 | D:7      | ReniFell: na mi takoy huini ne bylo...
  2138 | D:8      | Reached skill level 1 in Fire Magic
  2149 | D:8      | Slain by a wyvern

Dungeon Overview and Level Annotations

Branches:
Dungeon (8/15)             Temple (1/1) D:4
   Lair: D:8-11

Altars:
Elyvilon
Makhleb
Ru
Sif Muna
Vehumet
Zin
The Shining One


Message History

Confirm with . or Enter, or press ? or * to list all spells.
Aiming: Lee's Rapid Deconstruction
Press: ? - help, Dir - move target cursor The wall shatters!
The blast of rock fragments hits the orc warrior.
The orc warrior is severely wounded.
An orc wizard comes into view. It is wielding a dagger.
Unknown command.
Casting: Lee's Rapid Deconstruction
Confirm with . or Enter, or press ? or * to list all spells.
Aiming: Lee's Rapid Deconstruction
Press: ? - help, Dir - move target cursor The wall shatters!
The blast of rock fragments hits the orc wizard.
You kill the orc wizard!
Vehumet accepts your kill.
The blast of rock fragments hits the orc warrior.
You kill the orc warrior!
Vehumet accepts your kill.
You feel your power returning.
Your Conjurations skill increases to level 4!
Your Fire Magic skill increases to level 1!
Unknown command.
The orc wizard gestures at you while chanting.
You feel yourself slow down.
Casting: Lee's Rapid Deconstruction
Confirm with . or Enter, or press ? or * to list all spells.
Aiming: Sandblast
Press: ? - help, Shift-Dir - straight line, f - orc wizard
Aim: an orc wizard, wielding a dagger and wearing a robe (severely wounded)
The rocky blast hits the orc wizard.
You kill the orc wizard!
Vehumet accepts your kill.
A wyvern comes into view.
Items here: )) [[ † a dagger; a robe; a flail; a plate armour; an orc corpse
Casting: Sandblast
Confirm with . or Enter, or press ? or * to list all spells.
Aiming: Stone Arrow
Press: ? - help, Shift-Dir - straight line, f - wyvern
Aim: a wyvern (hasn't noticed you)
The stone arrow hits the wyvern.
The wyvern is lightly wounded.
A big kobold comes into view. It is wielding a club.
Casting: Stone Arrow
Confirm with . or Enter, or press ? or * to list all spells.
Aiming: Sandblast
Press: ? - help, Shift-Dir - straight line, f/p - wyvern
Aim: a wyvern (lightly wounded)
The rocky blast hits the wyvern.
The wyvern is lightly wounded.
The wyvern misses you.
Casting: Sandblast
Confirm with . or Enter, or press ? or * to list all spells.
Aiming: Sandblast
Press: ? - help, Shift-Dir - straight line, f/p - wyvern
Aim: a wyvern (lightly wounded)
The rocky blast hits the wyvern.
The wyvern is lightly wounded.
The wyvern bites you! x2
Drink which item? (? for menu, Esc to quit)
You feel much better. The wyvern bites you. The wyvern bites you!
The wyvern bites you.
Casting: Sandblast
Confirm with . or Enter, or press ? or * to list all spells.
Aiming: Sandblast
Press: ? - help, Shift-Dir - straight line, f/p - wyvern
Aim: a wyvern (lightly wounded)
The rocky blast hits the wyvern.
The wyvern is severely wounded.
The wyvern bites you! The wyvern barely misses you. The big kobold misses you.
Casting: Sandblast
Confirm with . or Enter, or press ? or * to list all spells.
Aiming: Sandblast
Press: ? - help, Shift-Dir - straight line, f/p - wyvern
Aim: a wyvern (severely wounded)
The rocky blast hits the wyvern.
The wyvern is almost dead.
The wyvern bites you!
You die...

You could see a wyvern and a big kobold.

Vanquished Creatures
  Menkaure (D:5)
  An orc warrior (D:8)
  A phantom (D:5)
  2 ogres
  A giant frog (D:6)
  4 water moccasin zombies (Ossuary)
  3 wights (D:6)
  A hound (D:7)
  An orc priest (D:6)
  An iguana (D:7)
  3 orc wizards
  A worker ant (D:7)
  6 big kobold zombies (Ossuary)
  2 mummies (Ossuary)
  A worker ant zombie (D:5)
  3 gnolls (D:2)
  A howler monkey skeleton (D:4)
  5 adders
  3 adder zombies (Ossuary)
  An adder skeleton (D:7)
  A worm (D:3)
  2 giant geckos
  11 orcs
  A giant cockroach (D:2)
  3 gnoll zombies (Ossuary)
  2 goblins
  A hobgoblin (D:2)
  6 quokkas
  2 bats
  A giant newt (D:4)
  2 hobgoblin zombies (Ossuary)
  4 kobolds (D:2)
  5 kobold zombies (Ossuary)
  4 orc zombies (Ossuary)
  A rat (D:1)
88 creatures vanquished.

Action                   |  1- 3 |  4- 6 |  7- 9 || total
-------------------------+-------+-------+-------++-------
Throw: Throwing net      |     1 |       |     1 ||     2
       Stone             |     1 |       |       ||     1
 Cast: Sandblast         |    27 |    70 |    75 ||   172
       Stone Arrow       |       |     1 |     5 ||     6
       Lee's Rapid Decon |       |       |     3 ||     3
Evoke: Wand              |       |     1 |       ||     1
  Use: Potion            |       |       |     2 ||     2
  Eat: Chunk             |       |     1 |       ||     1
       Bread ration      |       |       |     1 ||     1
Armor: Robe              |     2 |       |       ||     2
       Leather armour    |       |     5 |     3 ||     8
Dodge: Dodged            |    10 |    11 |    19 ||    40

Vault maps used:
D:1:      minmay_arrival_shattered_statue, xom_teletrap_fun
D:2:      grunt_temple_overflow_growth_and_decay, overflow_temple_1_default
D:3:      lemuel_doored_altar, minitemple, ecumenical_altar_1, first_bread,
          nicolae_ru_sacrificial_ziggurat, uniq_sigmund
D:4:      minmay_temple_entry_purple_smoke, minmay_goblin_kobold_house
D:5:      kennysheep_six_static_rooms, enter_ossuary_5, uniq_menkaure
D:7:      kennysheep_kobold_camp, grunt_gozag_breadcrumbs, marbit_many_paths
D:8:      boulder_indie, special_room
Temple:   oiseaux_autumnal_temple_12
Ossuary:  ossuary_tomb_2
